 Dungeon Crawl Stone Soup version 0.30-a0-808-g6e0788376e (webtiles) character file.

Game seed: 525577615017953451

1312 cforsyth the Covert (level 8, -12/45 HPs)
             Began as a Kobold Brigand on Feb 25, 2023.
             Was a Follower of Hepliaklqana.
             Mangled by a gnoll
             ... wielding a +0 halberd
             ... led by a gnoll bouda
              (14 damage)
             ... on level 5 of the Dungeon.
             The game lasted 00:05:27 (4581 turns).

cforsyth the Covert (Kobold Brigand)                Turns: 4581, Time: 00:05:28

Health: -12/45     AC:  3    Str:  9    XL:     8   Next: 89%
Magic:  8/8        EV: 20    Int: 12    God:    Hepliaklqana [*.....]
Gold:   145        SH:  0    Dex: 24    Spells: 7/7 levels left

rFire   . . .      SeeInvis .    o - +2 rapier (drain)
rCold   . . .      Faith    .    (no shield)
rNeg    . . .      Spirit   .    b - +0 robe
rPois   .          Reflect  .    (no helmet)
rElec   .          Harm     .    c - +0 cloak
rCorr   .          Rampage  .    (no gloves)
Will    .....                    (no boots)
Stlth   ++++++                   (no amulet)
HPRegen 0.27/turn                t - +6 ring of dexterity
MPRegen 0.11/turn                (no ring)

@: on berserk cooldown, slowed, very slow
A: reduced essence, small, no large weapons, nightstalker 3
a: Renounce Religion, Recall Ancestor, Ancestor Identity


You were on level 5 of the Dungeon.
You worshipped Hepliaklqana.
Hepliaklqana was aware of your devotion.
You visited 2 branches of the dungeon, and saw 6 of its levels.

You collected 145 gold pieces.

Inventory:

Hand Weapons
 a - a +2 dagger
 o - a +2 rapier of draining (weapon)
Missiles
 d - 18 poisoned darts (quivered)
 e - 3 curare-tipped darts
Armour
 b - a +0 robe (worn)
 c - a +0 cloak (worn)
Jewellery
 t - a +6 ring of dexterity (left hand)
Scrolls
 f - a scroll of enchant armour {unknown}
 g - a scroll of teleportation {unknown}
 i - 4 scrolls of fog {unknown}
 j - 3 scrolls of enchant weapon {unknown}
 k - 4 scrolls of identify {unknown}
 l - a scroll of fear {unknown}
 n - a scroll of poison {unknown}
 p - 2 scrolls of silence {unknown}
 r - a scroll of immolation {unknown}
Potions
 h - a potion of attraction {unknown}
 m - a potion of berserk rage
 q - a potion of curing {unknown}
 s - a potion of flight {unknown}
 u - a potion of cancellation {unknown}


   Skills:
 + Level 5.9 Fighting
 + Level 7.1 Short Blades
 - Level 2.1 Throwing
 + Level 6.2 Dodging
 + Level 8.9 Stealth


You had 7 spell levels left.
You didn't know any spells.
Your spell library contained the following spells:

 Spells                   Type           Power      Damage    Failure   Level
 Necrotise                Necr           0%         1d4       32%         1
 Tukima's Dance           Hex            0%         N/A       69%         3
 Vampiric Draining        Necr           0%         2d6       69%         3
 Vhi's Electric Charge    Tloc/Air       0%         N/A       69%         3
 Passage of Golubria      Tloc           0%         N/A       97%         4
 Summon Lightning Spire   Summ/Air       0%         N/A       97%         4
 Agony                    Necr           0%         N/A       100%        5
 Arcjolt                  Conj/Air       0%         1d10      100%        5
 Yara's Violent Unravell  Hex/Tmut       0%         3d3       100%        5
 Malign Gateway           Summ/Tloc      0%         N/A       100%        7
 Storm Form               Tmut/Air       0%         N/A       100%        7
 Maxwell's Capacitive Co  Air            0%         ∞         100%        8
 Summon Horrible Things   Summ           0%         N/A       100%        8


Dungeon Overview and Level Annotations

Branches:
Dungeon (5/15)             Temple (1/1) D:4

Altars:
Cheibriados
Gozag
Hepliaklqana
Nemelex Xobeh
Okawaru
Vehumet
Wu Jian
Yredelemnul
The Shining One

Shops:
D:4 *

Annotations:
D:3 2 transporters


Innate Abilities, Weirdness & Mutations

Your life essence is reduced to manifest your ancestor. (-10% HP)
You are small and have problems with some larger weapons.
You are completely attuned to the shadows.


Message History

You struggle against the net.
The ice beast hits you. The ice beast freezes you!
The gnoll closely misses you.
The gnoll hits you from afar with a +0 spear.
The gnoll hits you with a +0 spear.
The gnoll bouda barks out a call to the hunt!
The gnolls pick up the pace!
Imgur-Sin misses the gnoll.
You struggle against the net.
The ice beast hits you. The ice beast freezes you!
* * * LOW HITPOINT WARNING * * *
The gnoll hits you from afar with a +0 halberd.
* * * LOW HITPOINT WARNING * * *
The gnoll hits you from afar with a +0 spear.
* * * LOW HITPOINT WARNING * * *
The gnoll hits you but does no damage.
Imgur-Sin hits the gnoll!
The gnoll dies!
It was a potion of berserk rage.
A red film seems to cover your vision as you go berserk!
You feel yourself moving faster!
You feel mighty! The ice beast barely misses you.
The gnoll hits you from afar with a +0 halberd.
* * * LOW HITPOINT WARNING * * *
The gnoll hits you from afar with a +0 spear.
* * * LOW HITPOINT WARNING * * *
Imgur-Sin closely misses the ice beast.
You are too berserk!
You struggle against the net.
You feel a strong urge to attack something.
The gnoll bouda barely misses you. The gnoll barely misses you.
The ice beast closely misses you. The gnoll barely misses you.
Unknown command.
You struggle against the net.
Imgur-Sin hits the ice beast.
Unknown command.
You shred the net and break free!
You feel your anger nearly subside.
You are no longer berserk.
You are exhausted.
You feel yourself slow down. The gnoll closely misses you.
The gnoll bouda completely misses you. The ice beast barely misses you.
The gnoll hits you from afar with a +0 halberd!
You die...

###..#<......###
#..#.......#
#.##.......#
#.##.......#
########.###......###
.....##..# #.##......
####.....# ..##......
..............†......
####......#####.@Rg..
.......##..# #.Ygg.:
###.#.## #.. #......
.##.#.# .######
..#.#.# #. #...#.###
###.....# #.....#
#.....#


You could see the friendly Imgur-Sin the ancestor, an ice beast (ally target), a
gnoll bouda and 2 gnolls.

Vanquished Creatures
  An ice beast (D:5)
  2 phantoms (D:5)
  A gnoll sergeant (D:5)
  2 necrophages
  4 scorpions
  2 howler monkeys (D:5)
  A jelly (D:5)
  2 hounds (D:4)
  Jessica (D:2)
  2 orc wizards (D:5)
  5 iguanas
  4 gnolls (D:5)
  4 adders
  A white imp (D:5)
  2 ufetubi (D:5)
  3 worms
  2 dart slugs
  13 orcs
  6 ball pythons
  4 endoplasms
  5 giant cockroaches
  6 goblins
  7 hobgoblins
  19 jackals
  5 quokkas
  4 bats
  14 frilled lizards (D:1)
  6 kobolds
  2 rats (D:3)
  2 butterflies (D:4)
132 creatures vanquished.

Vanquished Creatures (collateral kills)
  A gnoll bouda (D:5)
  3 gnolls (D:5)
  An orc (D:5)
5 creatures vanquished.

Vanquished Creatures (others)
  4 plants (D:1)
4 creatures vanquished.

Grand Total: 141 creatures vanquished

Notes
Turn   | Place    | Note
-------+----------+-------------------------------------------
     0 | D:1      | cforsyth the Kobold Brigand began the quest for the Orb.
     0 | D:1      | Reached XP level 1. HP: 12/12 MP: 1/1
    33 | D:1      | Found a faded altar of an unknown god.
    81 | D:1      | Reached XP level 2. HP: 12/18 MP: 2/2
   397 | D:1      | Reached XP level 3. HP: 22/22 MP: 3/3
   693 | D:2      | Reached XP level 4. HP: 27/27 MP: 4/4
   710 | D:2      | Noticed Jessica
   714 | D:2      | Killed Jessica
   715 | D:2      | Reached skill level 6 in Stealth
  1476 | D:3      | Reached XP level 5. HP: 31/32 MP: 5/5
  1789 | D:3      | Found a transporter.
  1823 | D:3      | Found a transporter.
  2331 | D:4      | Reached XP level 6. HP: 37/37 MP: 6/6
  2773 | D:4      | Found Refruxku's Assorted Antiques.
  2840 | D:4      | Found a staircase to the Ecumenical Temple.
  2905 | D:4      | Reached skill level 5 in Short Blades
  2905 | D:4      | Reached skill level 7 in Stealth
  2944 | D:4      | Reached XP level 7. HP: 38/43 MP: 7/7
  3042 | Temple   | Entered the Ecumenical Temple
  3080 | Temple   | Became a worshipper of Hepliaklqana the Forgotten
  3544 | D:5      | Entered Level 5 of the Dungeon
  3641 | D:5      | Reached skill level 5 in Dodging
  3641 | D:5      | Reached XP level 8. HP: 48/48 MP: 8/8
  3644 | D:5      | Reached skill level 5 in Fighting
  3670 | D:5      | Reached skill level 8 in Stealth
  4392 | D:5      | Reached * piety under Hepliaklqana
  4578 | D:5      | HP: 2/67 [gnoll/+0 spear[a gnoll bouda] (4)]
  4581 | D:5      | Mangled by a gnoll

Illustrated notes

Levels and vault maps discovered:
D:1:      mushboom_english_gardens, layout_basic, ebering_ecumenical_altar_webs,
          minmay_lizard_king
D:2:      layout_loops_ring, uniq_jessica
D:3:      gammafunk_wand_slinger, layout_basic
D:4:      layout_basic, minmay_temple_entry_butterflies, serial_shops,
          nicolae_shop_behind_doors
D:5:      lemuel_castle_with_subvaults [lemuel_castle_interior_original],
          layout_rooms
Temple:   nicolae_temple_two_arcs

Skill      XL: |  1  2  3  4  5  6  7  8 |
---------------+-------------------------+-----
Short Blades   | 3 4 5 6 7 |  7.1
Dodging        | 2 3 4 5 6 |  6.2
Fighting       | 3 4 5 |  5.9
Stealth        | 6 7 8 |  8.9
Throwing       | |  2.1

Action                     |  1- 3 |  4- 6 |  7- 9 || total
---------------------------+-------+-------+-------++-------
  Melee: Dagger            |    83 |    90 |       ||   173
         Punch             |       |     2 |       ||     2
         Rapier            |       |    20 |   149 ||   169
    Use: Potion            |       |       |     1 ||     1
   Stab: Distracted        |     2 |       |     2 ||     4
         Sleeping          |    16 |    21 |    16 ||    53
 Armour: Robe              |    10 |    14 |    11 ||    35
  Dodge: Dodged            |    38 |    65 |   106 ||   209

Table legend: (Time is in decaauts)
 A = Elapsed time spent in this place.
 B = Non-inter-level travel time spent in this place.
 C = Inter-level travel time spent in this place.
 D = Time resting spent in this place.
 E = Time spent auto-exploring this place.
 F = Levels seen in this place.
 G = Mean time per level.
                   A        B        C        D        E       F      G
               +--------+--------+--------+--------+--------+-----+--------+
         Total |   4538 |   4375 |    163 |    298 |   3186 |   6 |  756.3 |
       Dungeon |   4490 |   4337 |    153 |    298 |   3158 |   5 |  898.0 |
        Temple |     47 |     38 |      9 |      0 |     28 |   1 |   47.0 |
               +--------+--------+--------+--------+--------+-----+--------+

Top non-repeatable levels by time:
     D:4: 1430 daAuts
     D:3: 923 daAuts
     D:5: 824 daAuts
     D:2: 733 daAuts
     D:1: 578 daAuts
  Temple: 47 daAuts
